AoeStats
← danjo

Pilgrims

508182531Analyzed
2v2 RM · 11d ago on Sep 21, 2026· 20m 51s· 4 players
Game mode
Random Map
Map size
Medium (4 player)
Population
200
Speed
Normal
Resources
Standard
Victory
Conquest
Starting age
Dark Age
Ending age
Imperial Age
RankedLock teamsTeams togetherTeam positionsShared explorationLock speedFull tech treeHidden civsTurbo modeCheats
Victory
Defeat
🇩🇪 Persians · Germany
1219
+17
🇩🇪 Malians · Germany
1151
+20
🇨🇳 Huns · China
1247
-19
🇫🇷 Ethiopians · France
1230
-18
sasha
口子哥
7:13 Loom
11:43 Feudal Age
18:21 Castle Age
16:49 Fletching
17:53 Double-Bit Axe
danjo
9:39 Loom
12:28 Feudal Age
17:56 Castle Age
16:54 Scale Barding Armor
16:56 Double-Bit Axe
19:07 Fletching
Hogan88
5:50 Loom
9:57 Feudal Age
11:22 Double-Bit Axe
14:52 Town Watch
18:10 Castle Age
17:09 Scale Barding Armor
18:20 Fletching
19:22 Bodkin Arrow
20:37 Padded Archer Armor
Connection lost

Rejoining the realm…

Still unreachable

The connection could not be restored.

Session expired

The server has moved on; the page needs a fresh start.